 Dungeon Crawl Stone Soup version 0.21.1-1-g345015f (webtiles) character file.

46 Amnesiac the Grave Robber (level 3, -2/27 HPs)
             Began as a Mummy Necromancer on Mar 12, 2018.
             Slain by soepske's ghost (9 damage)
             ... on level 3 of the Dungeon.
             The game lasted 00:02:01 (982 turns).

Amnesiac the Grave Robber (Mummy Necromancer)        Turns: 982, Time: 00:02:02

Health: -2/27      AC:  2    Str: 11    XL:     3   Next: 46%
Magic:  8/8        EV: 12    Int: 15    God:
Gold:   75         SH:  0    Dex: 12    Spells: 9/10 levels left

rFire    . . .     SeeInvis .   g - +0 dagger (curse)
rCold    + . .     Gourm    .   (no shield)
rNeg     + + +     Faith    .   a - +0 robe
rPois    ∞         Spirit   .   (no helmet)
rElec    .         Reflect  .   (no cloak)
rCorr    .         Harm     .   (no gloves)
MR       .....                  (no boots)
Stlth    +.........             (no amulet)
HPRegen  0.09/turn              f - ring of loudness (curse)
MPRegen  0.11/turn              c - ring of protection from fire

@: no status effects
A: no food or potions, fire vulnerability, cold resistance 1, negative energy
resistance 3, torment resistance, unbreathing
a: no special abilities


You were on level 3 of the Dungeon.
You were not hungry.

You visited 1 branch of the dungeon, and saw 4 of its levels.

You collected 75 gold pieces.

Inventory:

Hand Weapons
 g - a cursed +0 dagger (weapon)
Armour
 a - a +0 robe (worn)
Jewellery
 c - a ring of protection from fire (right hand)
 f - a cursed ring of loudness (left hand)
Books
 b - a book of Necromancy

   Spells                             Type                      Level
   a - Pain                           Necromancy                   1
   b - Animate Skeleton               Necromancy                   1
   c - Vampiric Draining              Necromancy                   3
   d - Regeneration                   Charms/Necromancy            3
   e - Animate Dead                   Necromancy                   4
   f - Borgnjor's Vile Clutch         Necromancy/Earth             5


   Skills:
 + Level 2.1 Fighting
 - Level 1.5 Dodging
 - Level 1.5 Stealth
 - Level 4.0 Spellcasting
 - Level 4.0 Necromancy


You had 9 spell levels left.
You knew the following spells:

 Your Spells              Type           Power        Failure   Level  Hunger
a - Pain                  Necr           ###.         3%          1    N/A

Dungeon Overview and Level Annotations

Branches:
Dungeon (4/15)
 Temple: D:4-7

Altars:
Cheibriados

Annotations:
D:3 soepske's ghost, amateur GnTm
D:4 1 runed door


Innate Abilities, Weirdness & Mutations

You do not eat or drink.
Your flesh is vulnerable to fire.
You are immune to poison.
Your flesh is cold resistant. (rC+)
You are immune to negative energy. (rN+++)
You are immune to unholy pain and torment.
You can survive without breathing.


Message History

The human skeleton is lightly damaged.
The human skeleton hits you.
You hit the human skeleton but do no damage.
The human skeleton is lightly damaged.
The human skeleton hits you.
You hit the human skeleton.
The human skeleton is lightly damaged.
You hit the human skeleton.
The human skeleton is moderately damaged.
The human skeleton hits you!
You hit the human skeleton.
The human skeleton is moderately damaged.
The human skeleton barely misses you.
You hit the human skeleton but do no damage.
The human skeleton is moderately damaged.
The human skeleton hits you.
* * * LOW HITPOINT WARNING * * *
The human skeleton barely misses you.
You climb upwards.
There is a stone staircase leading down here.
You start resting.
HP restored.
You start resting.
Soepske's ghost (amateur Gnoll Transmuter) comes into view.
You climb downwards.
Level annotation: 1 runed door
There is a stone staircase leading up here.
You barely miss the human skeleton.
The human skeleton is moderately damaged.
The human skeleton hits you!
You hit the human skeleton.
The human skeleton is heavily damaged.
You barely miss the human skeleton.
The human skeleton is heavily damaged.
The human skeleton barely misses you.
You hit the human skeleton but do no damage.
The human skeleton is heavily damaged.
The human skeleton hits you.
You hit the human skeleton.
The human skeleton is heavily damaged.
The human skeleton hits you.
* * * LOW HITPOINT WARNING * * *
You hit the human skeleton.
The human skeleton is heavily damaged.
The human skeleton closely misses you.
You hit the human skeleton.
The human skeleton is severely damaged.
The human skeleton completely misses you.
You climb upwards.
Level annotation: soepske's ghost, amateur GnTm Soepske's ghost hits you.
* * * LOW HITPOINT WARNING * * *
There is a stone staircase leading down here.
Soepske's ghost hits you but does no damage.
Press: ? - help, v - describe, . - travel
Here: soepske's ghost The floor.
Unknown command.
Soepske's ghost shouts, "You will never get the ORB!"
Soepske's ghost hits you!
* * * LOW HITPOINT WARNING * * *
There is an escape hatch in the floor here.
Soepske's ghost hits you!
You die...

## #.#.......# #.#
#.#.......# #.#
#.#.......# #.#
#.#.......#####.#.#
#.#.......'.....#.#
#.#.......#######.##
#######.#.......# #.....
........#W#'#'#######.#.##
.........@#.#.........#.##
###########.###########.##
#.............##
################ # # # # #


You could see soepske's ghost.

Vanquished Creatures
  A worker ant (D:4)
  An adder (D:2)
  A dart slug (D:3)
  2 orcs (D:3)
  2 giant cockroaches (D:3)
  A goblin (D:1)
  A kobold (D:2)
  2 ball pythons
  A quokka skeleton (D:4)
12 creatures vanquished.

Notes
Turn   | Place    | Note
-------+----------+-------------------------------------------
     0 | D:1      | Amnesiac the Mummy Necromancer began the quest for the Orb.
     0 | D:1      | Reached XP level 1. HP: 13/13 MP: 4/4
   111 | D:2      | Reached XP level 2. HP: 19/19 MP: 0/6
   256 | D:3      | Found a snail-covered altar of Cheibriados.
   583 | D:3      | Reached skill level 1 in Fighting
   708 | D:4      | Reached XP level 3. HP: 24/27 MP: 4/8
   717 | D:4      | Found a runed door.
   717 | D:4      | Noticed a human
   948 | D:3      | Noticed soepske's ghost (amateur GnTm)
   982 | D:3      | Slain by soepske's ghost

Skill      XL: |  1  2 |
---------------+-------+-----
Spellcasting   | 3 4 |  4.0
Fighting       | 2 |  2.1
Dodging        | |  1.5
Stealth        | |  1.5
Necromancy     | |  4.0

Action                   || total
-------------------------++-------
Melee: Dagger            ||    23
 Cast: Pain              ||    28
  Use: Scroll            ||     2
Armor: Robe              ||     7
Dodge: Dodged            ||    13
